[Event "ICC tourney 3006 (40 10)"]
[Site "Internet Chess Club"]
[Date "2022.09.10"]
[Round "4"]
[White "MARKOVIC, GORAN:Goran21"]
[Black "YUAN, SERENA:doudou2011"]
[Result "1-0"]
[ICCResult "Black resigns"]
[WhiteElo "1934"]
[BlackElo "1634"]
[Opening "Sicilian: Nimzovich-Rossolimo attack (without ...d6)"]
[ECO "B30"]
[NIC "SI.31"]
[Time "17:46:07"]
[PlyCount "71"]
[TimeControl "2400+10"]

1. e4 c5 2. Nf3 Nc6 3. Bb5 Nf6 4. Bxc6 dxc6 5. d3 g6 6. h3 Bg7 7. O-O O-O 8.
Nbd2 b6 9. a4 Bb7 10. Nc4 Nd7 11. Bg5 h6 12. Be3 Ba6 13. Qc1 Kh7 14. c3 Bxc4
15. dxc4 Ne5 16. Nxe5 Bxe5 17. Bxh6 Re8 18. Bg5 Qd3 19. f4 Bg7 20. Qe1 Qxc4
21. f5 Rad8 22. Qh4+ Kg8 23. Bxe7 Rd2 24. f6 Qe2 25. Qg3 Rxb2 26. Rae1 Qh5
27. Rf5 Qh6 28. Rg5 Bf8 29. Bxf8 Rxf8 30. e5 Re8 31. e6 Kf8 32. Qd6+ Kg8 33.
exf7+ Kxf7 34. Re7+ Rxe7 35. Qxe7+ Kg8 36. f7+ {Black resigns} 1-0

[Event "ICC tourney 3006 (40 10)"]
[Site "Internet Chess Club"]
[Date "2022.09.10"]
[Round "4"]
[White "SRIPADA, Havish:brilliantnessme"]
[Black "BERKLEY, DARRIN K:drberkley"]
[Result "1-0"]
[ICCResult "Black resigns"]
[WhiteElo "1951"]
[BlackElo "1738"]
[Opening "Pirc: Austrian attack, 6.Bd3"]
[ECO "B09"]
[NIC "PU.02"]
[Time "17:46:10"]
[PlyCount "55"]
[TimeControl "2400+10"]

1. e4 d6 2. d4 Nf6 3. Nc3 g6 4. f4 Bg7 5. Nf3 O-O 6. Bd3 Na6 7. O-O c5 8. d5
Bg4 9. Bc4 Nc7 10. a4 Bxf3 11. Qxf3 Nd7 12. Bd2 a6 13. a5 e6 14. dxe6 fxe6
15. Ba2 Ne5 16. Qh3 Nc6 17. Bxe6+ Nxe6 18. Qxe6+ Kh8 19. Ne2 Bxb2 20. Rab1
Bd4+ 21. Nxd4 Nxd4 22. Qd5 Rb8 23. Rxb7 Rxb7 24. Qxb7 Qh4 25. Qxa6 Nxc2 26.
Qxd6 Rd8 27. Bc3+ Nd4 28. Qxc5 {Black resigns} 1-0

[Event "ICC tourney 3006 (40 10)"]
[Site "Internet Chess Club"]
[Date "2022.09.10"]
[Round "4"]
[White "SINGH, HERSH:pyaru536"]
[Black "FILIPOVICH, DAVID MICHAEL:dmfcan"]
[Result "1/2-1/2"]
[ICCResult "Game drawn by mutual agreement"]
[WhiteElo "2113"]
[BlackElo "2050"]
[Opening "Modern defense: Averbakh system"]
[ECO "A40"]
[NIC "KF.04"]
[Time "17:46:25"]
[PlyCount "61"]
[TimeControl "2400+10"]

1. d4 g6 2. c4 Bg7 3. e4 d6 4. Nc3 e5 5. Nge2 exd4 6. Nxd4 Nc6 7. Be3 Nge7
8. Be2 O-O 9. O-O f5 10. exf5 Bxd4 11. Bxd4 Nxf5 12. Be3 Nxe3 13. fxe3 Be6
14. Nd5 Rxf1+ 15. Bxf1 Ne5 16. Nf4 Qd7 17. Qd4 Nc6 18. Qf6 Re8 19. c5 Qf7
20. Qc3 Ne5 21. Rd1 Bxa2 22. cxd6 cxd6 23. Rxd6 Ng4 24. Qd4 g5 25. Rd7 Qf6
26. Bc4+ Bxc4 27. Qxc4+ Kh8 28. Qc2 Qh6 29. Qc3+ Qf6 30. Qc2 Qh6 31. Qc3+
{Game drawn by mutual agreement}
1/2-1/2

[Event "ICC tourney 3006 (40 10)"]
[Site "Internet Chess Club"]
[Date "2022.09.10"]
[Round "4"]
[White "TAO, SIHAN:K06-16931716"]
[Black "LIANG, YU-CHENG:Yucheng"]
[Result "0-1"]
[ICCResult "White resigns"]
[WhiteElo "1882"]
[BlackElo "2043"]
[Opening "Caro-Kann: classical, Spassky variation"]
[ECO "B19"]
[NIC "CK.12"]
[Time "17:45:58"]
[PlyCount "94"]
[TimeControl "2400+10"]

1. e4 c6 2. d4 d5 3. Nc3 dxe4 4. Nxe4 Bf5 5. Ng3 Bg6 6. h4 h6 7. Nf3 Nd7 8.
h5 Bh7 9. Bd3 Bxd3 10. Qxd3 e6 11. Bd2 Qc7 12. O-O-O Ngf6 13. Ne4 O-O-O 14.
g3 Nxe4 15. Qxe4 Nf6 16. Qe2 Bd6 17. c4 c5 18. Bc3 cxd4 19. Nxd4 a6 20. Kb1
Rd7 21. Nb3 Qc6 22. Rh4 Rhd8 23. Rhd4 e5 24. R4d3 Qe4 25. Qxe4 Nxe4 26. Be1
Nf6 27. Ba5 Bc7 28. Rxd7 Rxd7 29. Rxd7 Kxd7 30. Bc3 b6 31. c5 Nxh5 32. cxb6
Bxb6 33. Bxe5 Bxf2 34. g4 Ke6 35. Bd4 Bxd4 36. Nxd4+ Kd5 37. Nf5 Nf6 38.
Nxg7 Nxg4 39. Kc2 Ke4 40. Kd2 f5 41. b4 Ne5 42. a4 Nc4+ 43. Ke2 Nb6 44. b5
a5 45. Ne6 Nxa4 46. Nc7 f4 47. Na8 Nc3+ {White resigns} 0-1

[Event "ICC tourney 3006 (40 10)"]
[Site "Internet Chess Club"]
[Date "2022.09.10"]
[Round "4"]
[White "MAMMADOV, ZAUR:zaur94"]
[Black "Belous, Vladimir:Openyagami"]
[Result "1-0"]
[ICCResult "Black resigns"]
[WhiteElo "2531"]
[BlackElo "2569"]
[Opening "Sicilian: Alapin's variation (2.c3)"]
[ECO "B22"]
[NIC "SI.46"]
[Time "17:45:58"]
[PlyCount "101"]
[TimeControl "2400+10"]

1. e4 c5 2. c3 d5 3. exd5 Qxd5 4. d4 Nf6 5. Nf3 Nc6 6. dxc5 Qxd1+ 7. Kxd1
Bg4 8. b4 e5 9. Kc2 a5 10. b5 Bf5+ 11. Kb2 Bxc5 12. bxc6 bxc6 13. Be3 Rb8+
14. Kc1 Bxe3+ 15. fxe3 Nd5 16. Nxe5 Nxe3 17. Nc4 Nc2 18. Nd6+ Kd7 19. Nxf5
Nxa1 20. Bc4 g6 21. Nd4 Rhe8 22. Rd1 Kc7 23. Bxf7 Re5 24. Bc4 Rb6 25. Rf1 a4
26. Na3 h5 27. Bd3 Re7 28. Bxg6 h4 29. Bd3 Rb8 30. Nc4 Rg8 31. Rf2 c5 32.
Nb5+ Kd7 33. Kb2 Re1 34. Bb1 Rg1 35. Kxa1 R8xg2 36. Rxg2 Rxg2 37. h3 Rg3 38.
Be4 Ke6 39. Ncd6 Ke5 40. Bf5 a3 41. Kb1 c4 42. Bc8 Rg1+ 43. Kc2 Rg2+ 44. Kc1
Rg1+ 45. Kd2 Kd5 46. Ke3 Ra1 47. Bg4 Rxa2 48. Nxc4 Re2+ 49. Kxe2 a2 50. Ne3+
Ke4 51. Nc2 {Black resigns} 1-0

[Event "ICC tourney 3006 (40 10)"]
[Site "Internet Chess Club"]
[Date "2022.09.10"]
[Round "4"]
[White "SHEEHAN, ETHAN THOMAS:Chessking2008"]
[Black "IVANOV, ALEXANDER:marble"]
[Result "1/2-1/2"]
[ICCResult "Game drawn because neither player has mating material"]
[WhiteElo "2231"]
[BlackElo "2346"]
[Opening "English opening"]
[ECO "A10"]
[NIC "EO.64"]
[Time "17:48:31"]
[PlyCount "121"]
[TimeControl "2400+10"]

1. c4 g6 2. e4 c5 3. Nf3 Bg7 4. d4 d6 5. Be2 Qb6 6. dxc5 dxc5 7. Nc3 Bxc3+
8. bxc3 Nc6 9. O-O Bg4 10. Be3 Nf6 11. Qc2 Nd7 12. h3 Bxf3 13. Bxf3 O-O 14.
Be2 Rfd8 15. f4 Na5 16. e5 Qe6 17. Qa4 b6 18. Bf3 Qxc4 19. Qxc4 Nxc4 20.
Bxa8 Rxa8 21. Bf2 Nb8 22. Rad1 Nc6 23. Rd7 Rc8 24. Rfd1 Kf8 25. Re1 Ke8 26.
Rdd1 Rd8 27. Rxd8+ Kxd8 28. Re4 N6a5 29. g4 e6 30. Bh4+ Kd7 31. Kf2 b5 32.
Re1 Kc6 33. Rd1 Nb7 34. Ke2 a5 35. Bf6 a4 36. Be7 Nb6 37. Kd3 Nd5 38. Bg5
Na5 39. h4 Nc4 40. Re1 a3 41. f5 Nb2+ 42. Kc2 b4 43. Bd2 gxf5 44. gxf5 exf5
45. cxb4 cxb4 46. e6 fxe6 47. Rxe6+ Kc5 48. Re5 Nc4 49. Rxf5 b3+ 50. axb3
Nxd2 51. Kxd2 a2 52. Rf1 Kb4 53. Ra1 Kxb3 54. Kd3 Kb2 55. Rxa2+ Kxa2 56. Ke4
Ne7 57. Ke5 Ng6+ 58. Kf6 Nxh4 59. Kg7 h5 60. Kh6 Ng6 61. Kxh5
{Game drawn because neither player has mating material}
1/2-1/2

[Event "ICC tourney 3006 (40 10)"]
[Site "Internet Chess Club"]
[Date "2022.09.10"]
[Round "4"]
[White "Li, Alex:AlexLi31415"]
[Black "CHINNI, RISHABH:alphachesplayer"]
[Result "1-0"]
[ICCResult "Black resigns"]
[WhiteElo "1751"]
[BlackElo "1720"]
[Opening "Giuoco Piano"]
[ECO "C54"]
[NIC "IG.02"]
[Time "17:45:59"]
[PlyCount "123"]
[TimeControl "2400+10"]

1. e4 e5 2. Nf3 Nc6 3. Bc4 Bc5 4. c3 Nf6 5. d4 exd4 6. cxd4 Bb4+ 7. Bd2 Nxe4
8. Bxb4 Nxb4 9. Bxf7+ Kxf7 10. Qb3+ d5 11. Qxb4 Rf8 12. O-O Kg8 13. Nbd2 a5
14. Qb3 Bf5 15. Rfe1 Kh8 16. Nxe4 dxe4 17. Ne5 Qf6 18. Rac1 Rac8 19. Re2 c5
20. Qd5 cxd4 21. Rec2 Rxc2 22. Rxc2 e3 23. Re2 Be6 24. Qxd4 exf2+ 25. Rxf2
Qxf2+ 26. Qxf2 Rxf2 27. Kxf2 Bxa2 28. Ke3 Bd5 29. g3 b6 30. Kd4 Bg2 31. Nc4
g5 32. Nxb6 Kg7 33. Nc4 a4 34. Nb6 h5 35. Nxa4 Kf6 36. Nc3 Kf5 37. Nd5 Ke6
38. Ne3 Ba8 39. b4 h4 40. g4 h3 41. b5 Bf3 42. b6 Kd6 43. Nc4+ Ke6 44. Na5
Kd6 45. Nc4+ Ke6 46. Kc5 Bg2 47. Nd6 Ke5 48. b7 Bxb7 49. Nxb7 Kf4 50. Kd4
Kf3 51. Nd6 Kg2 52. Ke3 Kxh2 53. Kf2 Kh1 54. Ne4 Kh2 55. Nxg5 Kh1 56. Nxh3
Kh2 57. g5 Kxh3 58. g6 Kg4 59. g7 Kf5 60. g8=Q Ke5 61. Qg4 Kd6 62. Qf5
{Black resigns}
1-0

[Event "ICC tourney 3006 (40 10)"]
[Site "Internet Chess Club"]
[Date "2022.09.10"]
[Round "5"]
[White "BERKLEY, DARRIN K:drberkley"]
[Black "MARKOVIC, GORAN:Goran21"]
[Result "0-1"]
[ICCResult "White resigns"]
[WhiteElo "1738"]
[BlackElo "1934"]
[Opening "Sicilian: Scheveningen, 6.f4"]
[ECO "B82"]
[NIC "SI.21"]
[Time "20:00:29"]
[PlyCount "62"]
[TimeControl "2400+10"]

1. e4 c5 2. Nc3 d6 3. f4 e6 4. Nf3 Nf6 5. d4 cxd4 6. Nxd4 a6 7. Bd3 Be7 8.
Be3 Nc6 9. Nxc6 bxc6 10. O-O O-O 11. g4 d5 12. e5 Nd7 13. g5 g6 14. h4 c5
15. Bf2 Bb7 16. h5 c4 17. Be2 Bxg5 18. hxg6 hxg6 19. Bg3 Bh4 20. Qe1 Qb6+
21. Kh2 Bxg3+ 22. Qxg3 Kg7 23. Bf3 Rh8+ 24. Kg2 Qxb2 25. Ne2 Qxc2 26. Rfc1
Qd2 27. Rd1 Qe3 28. Rac1 Nc5 29. Rb1 Ne4 30. Qe1 Rh2+ 31. Kxh2 Qxf3
{White resigns}
0-1

[Event "ICC tourney 3006 (40 10)"]
[Site "Internet Chess Club"]
[Date "2022.09.10"]
[Round "5"]
[White "IVANOV, ALEXANDER:marble"]
[Black "SRIPADA, Havish:brilliantnessme"]
[Result "1-0"]
[ICCResult "Black resigns"]
[WhiteElo "2346"]
[BlackElo "1951"]
[Opening "Sicilian: Najdorf, Adams attack"]
[ECO "B90"]
[NIC "SI.14"]
[Time "20:00:37"]
[PlyCount "57"]
[TimeControl "2400+10"]

1. e4 c5 2. Nf3 d6 3. d4 cxd4 4. Nxd4 Nf6 5. Nc3 a6 6. h3 e5 7. Nde2 Be7 8.
g4 b5 9. Bg2 Bb7 10. g5 Nfd7 11. h4 Nb6 12. Ng3 b4 13. Nd5 Nxd5 14. exd5 O-O
15. Nf5 f6 16. Qg4 g6 17. Nh6+ Kg7 18. gxf6+ Bxf6 19. Qxb4 Qe7 20. Ng4 Kh8
21. Nxf6 Qxf6 22. Be3 Qg7 23. Qxd6 Nd7 24. O-O-O a5 25. h5 Rf6 26. Qc7 Nf8
27. Qxg7+ Kxg7 28. Be4 Rd8 29. Bg5 {Black resigns} 1-0

[Event "ICC tourney 3006 (40 10)"]
[Site "Internet Chess Club"]
[Date "2022.09.10"]
[Round "5"]
[White "Belous, Vladimir:Openyagami"]
[Black "SHEEHAN, ETHAN THOMAS:Chessking2008"]
[Result "0-1"]
[ICCResult "White resigns"]
[WhiteElo "2569"]
[BlackElo "2231"]
[Opening "King's Indian: 6.Be2"]
[ECO "E91"]
[NIC "KI.19"]
[Time "20:01:50"]
[PlyCount "70"]
[TimeControl "2400+10"]

1. c4 Nf6 2. Nc3 g6 3. e4 d6 4. d4 Bg7 5. Nf3 O-O 6. Be2 c5 7. O-O cxd4 8.
Nxd4 Nc6 9. Be3 Bd7 10. f3 Nxd4 11. Bxd4 a5 12. b3 Bc6 13. Qd2 Nd7 14. Be3
Nc5 15. Rac1 e6 16. Rfd1 Be5 17. Nb5 Qh4 18. h3 Bxb5 19. cxb5 Qg3 20. Rc4
Qh2+ 21. Kf1 f5 22. Bg1 Qh1 23. exf5 Rxf5 24. Rg4 d5 25. b6 Ne4 26. Qe3 Bg3
27. Rxe4 dxe4 28. Qxe4 Re5 29. Qxb7 Rf8 30. Bc4 Re3 31. Bxe6+ Rxe6 32. Qd5
Re8 33. b7 Kg7 34. Qd4+ Kh6 35. Qd2+ g5 {White resigns} 0-1

[Event "ICC tourney 3006 (40 10)"]
[Site "Internet Chess Club"]
[Date "2022.09.10"]
[Round "5"]
[White "YUAN, SERENA:doudou2011"]
[Black "SINGH, HERSH:pyaru536"]
[Result "0-1"]
[ICCResult "White resigns"]
[WhiteElo "1634"]
[BlackElo "2113"]
[Opening "Catalan: open, 5.Nf3"]
[ECO "E04"]
[NIC "CA.03"]
[Time "20:00:22"]
[PlyCount "92"]
[TimeControl "2400+10"]

1. d4 Nf6 2. Nf3 d5 3. c4 e6 4. g3 dxc4 5. Bg2 Nc6 6. O-O Rb8 7. e3 b5 8.
Qe2 Be7 9. b3 Ba6 10. bxc4 bxc4 11. Nc3 O-O 12. Nd2 Nb4 13. Nde4 Nd3 14.
Nxf6+ Bxf6 15. Ba3 Be7 16. Bxe7 Qxe7 17. Be4 Rb2 18. Qh5 g6 19. Qa5 Qd6 20.
Rab1 Rfb8 21. Rxb2 Rxb2 22. Rb1 Rxb1+ 23. Nxb1 Qb6 24. Qxb6 cxb6 25. Bxd3
cxd3 26. Nd2 Kf8 27. Kf1 Ke7 28. Ke1 Kd6 29. Ne4+ Kc6 30. Ng5 Bc4 31. Nxf7
Bxa2 32. Ne5+ Kb5 33. Nxd3 a5 34. Kd2 Ka4 35. Kc3 Ka3 36. Ne1 Bb1 37. Nf3 b5
38. Nd2 b4+ 39. Kc4 Ba2+ 40. Kd3 Kb2 41. e4 a4 42. f4 a3 43. e5 Bd5 44. Nc4+
Bxc4+ 45. Kxc4 a2 46. Kxb4 a1=Q {White resigns} 0-1

[Event "ICC tourney 3006 (40 10)"]
[Site "Internet Chess Club"]
[Date "2022.09.10"]
[Round "5"]
[White "Li, Alex:AlexLi31415"]
[Black "TAO, SIHAN:K06-16931716"]
[Result "0-1"]
[ICCResult "White resigns"]
[WhiteElo "1751"]
[BlackElo "1882"]
[Opening "Sicilian"]
[ECO "B56"]
[NIC "SI.25"]
[Time "20:00:26"]
[PlyCount "72"]
[TimeControl "2400+10"]

1. e4 c5 2. Nf3 d6 3. d4 cxd4 4. Nxd4 Nf6 5. Nc3 Nc6 6. Nxc6 bxc6 7. Bd3 e6
8. O-O Be7 9. Be3 d5 10. exd5 cxd5 11. Bb5+ Bd7 12. Qd3 O-O 13. Ba6 Qa5 14.
a3 Bc8 15. Bxc8 Rfxc8 16. Rfe1 a6 17. Bf4 Qb6 18. Rab1 Qc6 19. Be5 Nd7 20.
Bxg7 Kxg7 21. Nxd5 Qxd5 22. Qxd5 exd5 23. Rxe7 Nb6 24. c3 Na4 25. Rd7 Rab8
26. Re1 Rxb2 27. Rxd5 Re8 28. Ra1 Nxc3 29. Rd3 Rb1+ 30. Rxb1 Nxb1 31. g3 Rc8
32. Rd6 a5 33. Rd5 a4 34. Rd4 Nc3 35. Rd3 Nb5 36. Kf1 Rc3 {White resigns}
0-1

[Event "ICC tourney 3006 (40 10)"]
[Site "Internet Chess Club"]
[Date "2022.09.10"]
[Round "5"]
[White "CHINNI, RISHABH:alphachesplayer"]
[Black "FILIPOVICH, DAVID MICHAEL:dmfcan"]
[Result "1/2-1/2"]
[ICCResult "Game drawn by mutual agreement"]
[WhiteElo "1720"]
[BlackElo "2050"]
[Opening "Caro-Kann: two knights, 3...Bg4"]
[ECO "B11"]
[NIC "CK.01"]
[Time "20:00:20"]
[PlyCount "59"]
[TimeControl "2400+10"]

1. e4 c6 2. Nc3 d5 3. Nf3 Bg4 4. h3 Bxf3 5. Qxf3 e6 6. d3 Nf6 7. Bd2 Nbd7 8.
g4 h6 9. Qg3 dxe4 10. Nxe4 Nxe4 11. dxe4 Qb6 12. O-O-O Bc5 13. f4 Nf6 14.
Bg2 O-O-O 15. Bc3 Rxd1+ 16. Rxd1 Rd8 17. Rxd8+ Qxd8 18. b3 Ba3+ 19. Bb2
Bxb2+ 20. Kxb2 Nxe4 21. Bxe4 Qd4+ 22. Qc3 Qxe4 23. Qxg7 Qxf4 24. h4 e5 25.
g5 Qd4+ 26. c3 Qf2+ 27. Ka3 Qc5+ 28. Kb2 Qf2+ 29. Ka3 Qc5+ 30. Kb2
{Game drawn by mutual agreement}
1/2-1/2